 Dungeon Crawl Stone Soup version 0.17.0-24-gcfadda4 (webtiles) character file.

479 tp1 the Charmwright (level 6, -6/32 HPs)
             Began as a Deep Elf Conjurer on Nov 16, 2015.
             Was an Initiate of Vehumet.
             Mangled by a wight
             ... wielding a cursed +3 falchion of freezing
              (11 damage)
             ... on level 5 of the Dungeon.
             The game lasted 00:15:28 (4607 turns).

tp1 the Charmwright (Deep Elf Conjurer)             Turns: 4607, Time: 00:15:28

Health: -6/32      AC:  2    Str:  8    XL:     6   Next: 86%
Magic:  17/24      EV: 13    Int: 22    God:    Vehumet [......]
Gold:   178        SH:  0    Dex: 18    Spells: 3 memorised, 7 levels left

rFire  . . .     SeeInvis .     t - +4 whip of the Moth {flame, rN+ MP+9 Str+3 Stlth+}
rCold  . . .     Clarity  .     a - +0 robe
rNeg   + . .     SustAt   .     (no shield)
rPois  .         Gourm    .     (no helmet)
rElec  .         Spirit   .     (no cloak)
rCorr  .         Warding  .     (no gloves)
rMut   .         Stasis   .     (no boots)
MR     .....                    (no amulet)
Stlth  +++.......               (no ring)
                                n - +3 ring of dexterity

@: drained, not resistant to hostile enchantments, fairly stealthy
A: no striking features
a: Renounce Religion


You were on level 5 of the Dungeon.
You worshipped Vehumet.
Vehumet was noncommittal.
You were near starving.

You visited 2 branches of the dungeon, and saw 6 of its levels.

You collected 178 gold pieces.

Inventory:

Hand Weapons
 e - a +0 club
 h - a +0 dagger
 l - a +0 dagger
 t - the +4 whip of the Moth (weapon) {flame, rN+ MP+9 Str+3 Stlth+}
   (You found it on level 4 of the Dungeon)

   It has been specially enchanted to burn those struck by it, causing extra
   injury to most foes and up to half again as much damage against particularly
   susceptible opponents.
   It affects your strength (+3).
   It protects you from negative energy.
   It affects your magic capacity (+9).
   It makes you more stealthy.
Armour
 a - a +0 robe (worn)
 g - a +0 leather armour
 v - the +0 shield of Music {rElec rPois}
   (You found it on level 4 of the Dungeon)

   It insulates you from electricity.
   It protects you from poison.
Jewellery
 n - a +3 ring of dexterity (left hand)
Wands
 y - a wand of enslavement (6)
Scrolls
 d - a scroll of immolation
 o - a scroll of enchant armour
 p - 2 scrolls of fear
 q - a scroll of fog
 r - a scroll of noise
 u - a scroll of remove curse
 w - a scroll of recharging {unknown}
 x - a scroll of teleportation {unknown}
Potions
 j - a potion of heal wounds {unknown}
 k - a potion of flight {unknown}
 s - a potion of invisibility {unknown}
 z - a potion of lignification {unknown}
Books
 b - a book of Conjurations

   Spells                             Type                      Level
   a - Magic Dart                     Conjuration                  1
   b - Searing Ray                    Conjuration                  2
   c - Dazzling Spray                 Conjuration/Hexes            3
   d - Fulminant Prism                Conjuration/Hexes            4
   e - Iskenderun's Mystic Blast      Conjuration                  4
   f - Iskenderun's Battlesphere      Conjuration/Charms           5
Comestibles
 c - 4 bread rations
 i - a beef jerky
 m - 2 fruits


   Skills:
 - Level 2.4(2.1) Dodging
 - Level 2.4(2.1) Stealth
 - Level 5.1(4.8) Spellcasting
 - Level 6.0(5.7) Conjurations
 + Level 7.4(7.1) Charms


You had 7 spell levels left.
You knew the following spells:

 Your Spells              Type           Power        Failure   Level  Hunger
a - Magic Dart            Conj           ####         1%          1    None
b - Searing Ray           Conj           ####..       1%          2    None
d - Iskenderun's Battles  Conj/Chrm      ####....     21%         5    #####..


Dungeon Overview and Level Annotations

Branches:
Dungeon (5/15)             Temple (1/1) D:4

Altars:
Elyvilon
Gozag
Kikubaaqudgha
Okawaru
Sif Muna
Trog
Vehumet
The Shining One

Annotations:
D:5 mauris's ghost, novice DrAE


Message History

Okay, then.
Drink which item? (? for menu, Esc to quit)
Okay, then.
Casting: Magic Dart
Confirm with . or Enter, or press ? or * to list all spells.
Aiming: Magic Dart
Press: ? - help, Shift-Dir - straight line, f - wight
Aim: a wight, wielding a scimitar and wearing a robe The magic dart hits the wight.
Your battlesphere fires!
The barrage of energy hits the wight.
The wight hits you with a falchion of freezing.
* * * LOW HITPOINT WARNING * * *
The wight freezes you.
* * * LOW HITPOINT WARNING * * *
Drink which item? (? for menu, Esc to quit)
It was a potion of berserk rage.
You're too hungry to go berserk.
The wight misses you.
The wight hits you with a falchion of freezing!
You die...

........####
#.#.##W## #..
.# #.#.# .# ..
.# #.#.# .$ ..
#.## #.#.# ##
#.#...##
#......##
#......!##
#.z)......
#.@z....#
............##
.....*.#...##
.###... #.##
#...# .. .Z#..
.## ..##.. #
?. ...


You could see 2 wights and an orc zombie.

Vanquished Creatures
  3 scorpions (D:4)
  2 wights
  A giant frog skeleton (D:4)
  A hound (D:4)
  An orc wizard (D:4)
  2 worker ants
  4 adders
  2 worms (D:4)
  2 giant geckos
  4 orcs
  4 giant cockroaches
  4 goblins
  6 hobgoblins
  11 jackals
  A quokka (D:2)
  10 bats
  7 giant newts
  7 kobolds
  A quokka skeleton (D:4)
  7 rats
80 creatures vanquished.

Vanquished Creatures (others)
  3 fungi (D:4)
3 creatures vanquished.

Grand Total: 83 creatures vanquished

Notes
Turn   | Place    | Note
--------------------------------------------------------------
     0 | D:1      | tp1 the Deep Elf Conjurer began the quest for the Orb.
     0 | D:1      | Reached XP level 1. HP: 10/10 MP: 6/6
   163 | D:1      | Reached XP level 2. HP: 15/15 MP: 2/8
   167 | D:1      | Learned a level 2 spell: Searing Ray
   187 | D:1      | Reached skill level 5 in Conjurations
   787 | D:1      | Reached XP level 3. HP: 19/19 MP: 1/9
  1886 | D:2      | Found an opulent altar of Gozag.
  1904 | D:2      | Reached skill level 6 in Conjurations
  2014 | D:2      | You fall through a shaft!
  2024 | D:3      | Reached XP level 4. HP: 15/24 MP: 1/11
  3177 | D:4      | Reached skill level 5 in Spellcasting
  3215 | D:4      | Reached XP level 5. HP: 22/28 MP: 2/14
  3222 | D:4      | Learned a level 5 spell: Iskenderun's Battlesphere
  3245 | D:4      | Got a jewelled shield
  3251 | D:4      | Identified the cursed +0 shield of Music {rElec rPois} (You found it on level 4 of the Dungeon)
  3327 | D:4      | Reached skill level 1 in Charms
  3579 | D:4      | Found a staircase to the Ecumenical Temple.
  3591 | Temple   | Entered the Ecumenical Temple
  3684 | Temple   | Became a worshipper of Vehumet
  3799 | D:4      | Found a glowing golden altar of the Shining One.
  3946 | D:4      | Got a warped whip
  3947 | D:4      | Identified the +4 whip of the Moth {flame, rN+ MP+9 Str+3 Stlth+} (You found it on level 4 of the Dungeon)
  4236 | D:4      | Reached skill level 5 in Charms
  4236 | D:4      | Reached XP level 6. HP: 32/32 MP: 11/15
  4335 | D:5      | Entered Level 5 of the Dungeon
  4335 | D:5      | Noticed mauris's ghost (novice DrAE)
  4605 | D:5      | Reached skill level 7 in Charms
  4607 | D:5      | Mangled by a wight

Action                   |  1- 3 |  4- 6 || total
-------------------------+-------+-------++-------
Melee: Club              |    19 |       ||    19
       Dagger            |       |    12 ||    12
       Whip              |       |     1 ||     1
 Cast: Magic Dart        |    78 |    60 ||   138
       Searing Ray       |     2 |     9 ||    11
       Iskenderun's Batt |       |     2 ||     2
  Use: Scroll            |       |     8 ||     8
       Potion            |       |     1 ||     1
  Eat: Chunk             |     3 |     7 ||    10
